 Dungeon Crawl Stone Soup version 0.19-a0-994-g3c636f0 (webtiles) character file.

88 4thArraOfDagon the Slasher (level 4, 0/29 HPs)
             Began as a High Elf Wanderer on July 16, 2016.
             Was an Initiate of Ru.
             Killed from afar by p0werm0de's ghost (5 damage)
             ... with a sting
             ... on level 3 of the Dungeon.
             The game lasted 00:03:52 (1005 turns).

4thArraOfDagon the Slasher (High Elf Wanderer)      Turns: 1005, Time: 00:03:52

Health: 0/29       AC:  5    Str:  9    XL:     4   Next: 30%
Magic:  5/5        EV: 11    Int: 17    God:    Ru [......]
Gold:   52         SH:  0    Dex: 16    Spells: 0 memorised, 3 levels left

rFire  . . .     SeeInvis .     p - +1 dagger (venom)
rCold  . . .     Gourm    .     e - +0 ring mail
rNeg   . . .     Faith    .     (no shield)
rPois  .         Spirit   .     (no helmet)
rElec  .         Dismiss  .     (no cloak)
rCorr  .         Reflect  .     (no gloves)
SustAt .         Harm     .     (no boots)
MR     .....                    (no amulet)
Stlth  +.........               (no ring)
                                (no ring)

@: lethally poisoned (0 -> -5), not resistant to hostile enchantments, very
unstealthy
A: no striking features
a: Renounce Religion


You were on level 3 of the Dungeon.
You worshipped Ru.
Ru was noncommittal.
You were not hungry.

You visited 1 branch of the dungeon, and saw 3 of its levels.

You collected 52 gold pieces.

Inventory:

Hand Weapons
 a - a +2 falchion
 c - a +0 quarterstaff
 p - a +1 dagger of venom (weapon)
 s - a -1 short sword
Armour
 d - a +0 robe
 e - a +0 ring mail (worn)
Scrolls
 h - 2 scrolls of remove curse
 j - a scroll of noise {unknown}
 k - a scroll of identify {unknown}
 l - a scroll of blinking {unknown}
 m - a scroll of immolation {unknown}
 n - a scroll of fear {unknown}
Potions
 g - a potion of lignification {unknown}
 i - a potion of mutation {unknown}
 o - a potion of degeneration {unknown}
 q - a potion of agility
Comestibles
 f - 2 bread rations
 r - a slice of pizza


   Skills:
 + Level 2.2 Fighting
 * Level 5.1 Long Blades
 - Level 3.0 Staves
 + Level 2.1 Dodging
 - Level 1.1 Stealth
   Level 1.0 Evocations


You had 3 spell levels left.
You didn't know any spells.

Dungeon Overview and Level Annotations

Branches:
Dungeon (3/15)

Altars:
Dithmenos
Elyvilon
Kikubaaqudgha
Ru
Sif Muna
Vehumet
The Shining One

Annotations:
D:3 p0werm0de's ghost, weakling DsVM


Message History

You kill the adder!
P0werm0de's ghost casts a spell at you. The sting hits you!
You are poisoned.
* * * LOW HITPOINT WARNING * * *
Found 22 sling bullets.
You feel sick.
Unknown command.
Unknown command.
Unknown command.
The bat barely misses you.
Found a cloak.
Unknown command.
A giant cockroach comes into view.
You feel sick. The bat hits you but does no damage.
The giant cockroach moves out of view.
P0werm0de's ghost points at you and mumbles some strange words.
The sting hits you!
You are lethally poisoned!
You die...

≈≈ # . # .# #
.##.# #. ##..[
##. #.. ##..#
..♣♣♣.. #...#.@.#
# .P♣_♣♣.
#....b.g###.#.#
#P'.♣♣.
#.#.##.........
..'_ ♣.
#.....(...... #P'
♣.
####.####.##.##P♣
♣. ###W### #
.##.♣ #. #.†...#
# .##.# ##.
#.###.##.#
.##.###.. ...
#....# .##......


You could see p0werm0de's ghost, a goblin and a bat.

Vanquished Creatures
  An orc wizard (D:3)
  2 adders (D:3)
  A dart slug (D:2)
  2 giant geckos
  9 orcs (D:3)
  2 giant cockroaches
  2 goblins
  2 hobgoblins
  2 jackals (D:3)
  A bat (D:3)
  A giant newt (D:1)
  3 kobolds (D:1)
  3 rats (D:1)
31 creatures vanquished.

Notes
Turn   | Place    | Note
-------+----------+-------------------------------------------
     0 | D:1      | 4thArraOfDagon the High Elf Wanderer began the quest for the Orb.
     0 | D:1      | 4thArraOfDagon set off with: a +2 falchion, a potion of curing, a +0 quarterstaff, a +0 robe, a bread ration
     0 | D:1      | Reached XP level 1. HP: 13/13 MP: 2/2
   238 | D:1      | Reached skill level 4 in Long Blades
   425 | D:1      | Reached XP level 2. HP: 18/18 MP: 3/3
   515 | D:2      | Found a radiant altar of Vehumet.
   521 | D:2      | Found an ancient bone altar of Kikubaaqudgha.
   522 | D:2      | Found a deep blue altar of Sif Muna.
   527 | D:2      | Identified Sif Muna's Guide on Transformation (You found it on level 2 of the Dungeon)
   722 | D:3      | Reached XP level 3. HP: 15/23 MP: 4/4
   791 | D:3      | Found a glowing golden altar of the Shining One.
   793 | D:3      | Found a white marble altar of Elyvilon.
   835 | D:3      | Reached skill level 5 in Long Blades
   835 | D:3      | Reached XP level 4. HP: 5/29 MP: 5/5
   864 | D:3      | HP: 1/29 [orc (2)]
   894 | D:3      | Found a sacrificial altar of Ru.
   894 | D:3      | Found a shadowy altar of Dithmenos.
   901 | D:3      | Became a worshipper of Ru the Awakened
   992 | D:3      | Noticed p0werm0de's ghost (weakling DsVM)
  1005 | D:3      | Killed from afar by p0werm0de's ghost

Vault maps used:
D:1:      scummos_arrival_hexagon
D:2:      grunt_temple_overflow_magic_moments
D:3:      good_gods_mini_temple, gammafunk_temple_overflow_pools,
          gup_sewer_entry_glass

Skill      XL: |  1  2  3  4 |
---------------+-------------+-----
Long Blades    | 4 5 |  5.1
Fighting       | 2 |  2.2
Dodging        | 2 |  2.1
Staves         | |  3.0
Stealth        | |  1.1
Evocations     | |  1.0

Action                   |  1- 3 |  4- 6 || total
-------------------------+-------+-------++-------
Melee: Falchion          |    36 |       ||    36
       Dagger            |    43 |    18 ||    61
  Use: Potion            |     1 |     2 ||     3
       Scroll            |     1 |     1 ||     2
Armor: Ring mail         |    28 |     7 ||    35
Dodge: Dodged            |    32 |     8 ||    40
